 Dungeon Crawl Stone Soup version 0.23.2 (webtiles) character file.

Game seed: 4287583676713827267

140 Menchi the Sneak (level 5, -2/27 HPs)
             Began as a Kobold Assassin on Apr 9, 2019.
             Slain by an orc
             ... wielding a +0 mace
              (5 damage)
             ... on level 3 of the Dungeon.
             The game lasted 00:03:47 (1878 turns).

Menchi the Sneak (Kobold Assassin)                  Turns: 1878, Time: 00:03:48

Health: -2/27      AC:  3    Str:  8    XL:     5   Next: 47%
Magic:  5/5        EV: 15    Int: 13    God:
Gold:   53         SH:  0    Dex: 15    Spells: 4/4 levels left

rFire    x . .     SeeInvis .   a - +2 dagger
rCold    + . .     Gourm    .   (shield restricted)
rNeg     . . .     Faith    .   c - +0 robe
rPois    .         Spirit   .   (no helmet)
rElec    .         Reflect  .   d - +0 cloak
rCorr    .         Harm     .   (no gloves)
MR       .....                  (no boots)
Stlth    ++++......             (no amulet)
HPRegen  0.09/turn              o - ring of ice
MPRegen  0.09/turn              (no ring)

@: no status effects
A: small, carnivore, clumsy 1, frail 1, screaming 1, evolution 1
a: no special abilities


You were on level 3 of the Dungeon.
You were very full.

You visited 1 branch of the dungeon, and saw 3 of its levels.

You collected 53 gold pieces.

Inventory:

Hand Weapons
 a - a +2 dagger (weapon)
 b - a +0 blowgun
Missiles
 e - 20 poisoned needles
 f - 2 curare-tipped needles
Armour
 c - a +0 robe (worn)
 d - a +0 cloak (worn)
Jewellery
 o - a ring of ice (left hand)
Scrolls
 h - a scroll of random uselessness {unknown}
 i - 2 scrolls of noise {unknown}
 k - 2 scrolls of remove curse {unknown}
 m - a scroll of enchant armour {unknown}
 n - a scroll of immolation {unknown}
 p - a scroll of teleportation {unknown}
 q - a scroll of identify {unknown}
Potions
 j - a potion of lignification {unknown}
 l - a potion of cancellation {unknown}
 r - a potion of flight {unknown}
Comestibles
 g - 3 rations


   Skills:
 - Level 2.1 Fighting
 * Level 4.1 Short Blades
 - Level 2.1 Throwing
 * Level 2.3 Dodging
 * Level 7.6 Stealth


You had 4 spell levels left.
You didn't know any spells.
Your spell library was empty.

Dungeon Overview and Level Annotations

Branches:
Dungeon (3/15)

Altars:
Ru


Innate Abilities, Weirdness & Mutations

You are small and have problems with some larger weapons.
You are carnivorous and can eat meat at any time.
You are clumsy. (Dex -2)
You are frail. (-10% HP)
You occasionally shout uncontrollably at your foes.
You evolve.


Message History

The orc is severely wounded.
The orc misses you. x2
You hit the orc.
The orc is almost dead.
The orc hits you with a +0 mace.
* * * LOW HITPOINT WARNING * * *
The orc barely misses you.
The orc shouts!
You hit the orc.
You kill the orc!
You hear a shout!
The orc hits you but does no damage. The orc hits you.
* * * LOW HITPOINT WARNING * * *
An orc comes into view. It is wielding a -2 dagger.
The orc misses you.
Things that are here:
a cursed -2 club; a +0 leather armour; an orc corpse A goblin comes into view.
It is wielding a +0 dagger.
The orc hits you with a +0 mace.
You die...

# ### ##. .##.. ..# #.#
..#.# #.# #.# ....# #.#
#.# ....# #.####.## ....#
#... ...# ....# ##.# #..#
....# ##..####g.#.####
..#.#####.#.o.oo@.......
..............o.........
###.รท..##.#.###.###.####
#....##...# #.# ..
#.......#.# #.. ...
#.........###..# ##
##.............#
##.###.#####.## #.##...##


You could see 4 orcs and a goblin.

Vanquished Creatures
  An orc priest (D:3)
  A worker ant (D:3)
  4 adders
  A worm (D:3)
  5 dart slugs (D:2)
  An orc (D:3)
  3 bats
  3 goblins
  4 hobgoblins
  3 jackals (D:2)
  3 frilled lizards (D:1)
  6 kobolds
  4 rats
39 creatures vanquished.

Vanquished Creatures (others)
  An adder (D:2)
1 creature vanquished.

Grand Total: 40 creatures vanquished

Notes
Turn   | Place    | Note
-------+----------+-------------------------------------------
     0 | D:1      | Menchi the Kobold Assassin began the quest for the Orb.
     0 | D:1      | Reached XP level 1. HP: 12/12 MP: 1/1
   295 | D:1      | Reached XP level 2. HP: 17/17 MP: 2/2
   397 | D:1      | Reached skill level 6 in Stealth
   624 | D:2      | Reached XP level 3. HP: 6/21 MP: 3/3
  1027 | D:2      | Found a faded altar of an unknown god.
  1041 | D:2      | Reached XP level 4. HP: 26/26 MP: 4/4
  1101 | D:2      | Found a sacrificial altar of Ru.
  1243 | D:2      | Reached skill level 7 in Stealth
  1579 | D:3      | Gained mutation: You have a pair of small antennae on your
                  | head. [potion of mutation]
  1579 | D:3      | Gained mutation: You have sharp toenails. [potion of
                  | mutation]
  1579 | D:3      | Gained mutation: You are partially covered in yellow
                  | scales. (AC +2) [potion of mutation]
  1589 | D:3      | Reached XP level 5. HP: 7/30 MP: 5/5
  1847 | D:3      | Lost mutation: You have sharp toenails. [potion of
                  | mutation]
  1847 | D:3      | Lost mutation: You have a pair of small antennae on your
                  | head. [potion of mutation]
  1847 | D:3      | Lost mutation: You are partially covered in yellow scales.
                  | (AC +2) [potion of mutation]
  1847 | D:3      | Gained mutation: You are clumsy. (Dex -2) [potion of
                  | mutation]
  1847 | D:3      | Gained mutation: You are frail. (-10% HP) [potion of
                  | mutation]
  1847 | D:3      | Gained mutation: You occasionally shout uncontrollably at
                  | your foes. [potion of mutation]
  1847 | D:3      | Gained mutation: You evolve. [potion of mutation]
  1878 | D:3      | Slain by an orc

Skill      XL: |  1  2  3  4  5 |
---------------+----------------+-----
Stealth        | 6 7 |  7.6
Short Blades   | 3 4 |  4.1
Dodging        | 2 |  2.3
Fighting       | |  2.1
Throwing       | |  2.1

Action                   |  1- 3 |  4- 6 || total
-------------------------+-------+-------++-------
Melee: Dagger            |    61 |    80 ||   141
       Kick              |       |     1 ||     1
  Use: Potion            |     1 |     2 ||     3
 Stab: Sleeping          |    10 |     5 ||    15
       Distracted        |     1 |       ||     1
  Eat: Chunk             |     9 |     1 ||    10
Armor: Robe              |     8 |    10 ||    18
Dodge: Dodged            |    29 |    49 ||    78
